 Dungeon Crawl Stone Soup version 0.27.1 (webtiles) character file.

Game seed: 13858065178546766760

2760 sanka the Envoy of Void (level 9, -4/72 HPs)
             Began as a Palentonga Abyssal Knight on Aug 26, 2021.
             Was a High Priest of Lugonu.
             Slain by a killer bee (6 damage)
             ... summoned by a centaur
             ... on level 7 of the Dungeon.
             The game lasted 00:15:37 (7325 turns).

sanka the Envoy of Void (Palentonga Abyssal Knight) Turns: 7325, Time: 00:15:37

Health: -4/72      AC: 13    Str: 19 (22) XL:     9   Next: 41%
Magic:  15/15      EV: 10    Int:  9 (12) God:    Lugonu [*****.]
Gold:   277        SH:  0    Dex: 10 (11) Spells: 8/8 levels left

rFire    . . .     SeeInvis +   a - +12 dagger "Qaptilun" {vorpal, Str+4}
rCold    . . .     Faith    .   (no shield)
rNeg     . . .     Spirit   .   q - +0 troll leather armour {Purgy}
rPois    .         Reflect  .   (no helmet)
rElec    .         Harm     .   p - +0 cloak
rCorr    .         Rampage  .   (no gloves)
Will     .....                  (no barding)
Stlth    +.........             (no amulet)
HPRegen  1.22/turn              (no ring)
MPRegen  0.14/turn              n - ring of flight

@: brilliant, lethally poisoned (-4 -> -5), about to teleport, flying, curled up
A: large, rugged brown scales 3, see invisible, deformed body, roll 1, armoured
tail, reflexive curl
a: Rolling Charge, Renounce Religion, Depart the Abyss, Bend Space, Banish,
Corrupt, Enter the Abyss


You were on level 7 of the Dungeon.
You worshipped Lugonu.
Lugonu was extremely pleased with you.
You visited 1 branch of the dungeon, and saw 7 of its levels.
You visited the Abyss 1 time.
You also visited: Sewer and Ossuary.

You collected 277 gold pieces.


Innate Abilities, Weirdness & Mutations

You are completely covered in rugged brown scales. (AC +3, +7% HP)
You have supernaturally acute eyesight. (SInv)
Armour fits poorly on your strangely shaped body.
You can roll at nearby foes to attack.
You have a long armoured tail.
You curl defensively after being hit.


   Skills:
 + Level 5.3 Fighting
 + Level 8.0 Axes
 + Level 3.9 Armour
 + Level 3.6 Dodging
 - Level 8.0 Invocations


You had 8 spell levels left.
You didn't know any spells.
Your spell library contained the following spells:

 Spells                   Type           Power      Damage    Failure   Level
 Pain                     Necr           0%         1d4       43%         1
 Blink                    Tloc           N/A        N/A       56%         2
 Corpse Rot               Necr/Air       N/A        N/A       56%         2
 Static Discharge         Conj/Air       0%         N/A       56%         2
 Gell's Gravitas          Tloc           0%         N/A       80%         3
 Lesser Beckoning         Tloc           0%         N/A       80%         3
 Teleport Other           Tloc           0%         N/A       80%         3
 Dispel Undead            Necr           0%         3d6       99%         4
 Sticky Flame             Conj/Fire      0%         2d3       99%         4
 Agony                    Necr           0%         N/A       100%        5
 Excruciating Wounds      Necr           0%         N/A       100%        5
 Manifold Assault         Tloc           0%         N/A       100%        5
 Death Channel            Necr           0%         N/A       100%        6
 Dispersal                Tloc           0%         N/A       100%        6

Inventory:

Hand Weapons
 a - the +12 dagger "Qaptilun" (weapon) {vorpal, Str+4}

   It inflicts extra damage upon your enemies.
   Str:       It affects your strength (+4).
 c - a +0 whip of draining
 l - a +0 long sword
 o - a +1 dagger of electrocution
 z - a +1 whip of pain
 F - a +1 hand axe
Missiles
 H - a curare-tipped dart {=f}
Armour
 b - a +0 leather armour
 p - a +0 cloak (worn)
 q - a +0 troll leather armour (worn) {Purgy}
 y - a scarf of resistance
Jewellery
 n - a ring of flight (right hand)
Wands
 A - a wand of digging (6)
 B - a wand of paralysis (9)
Scrolls
 e - a scroll of vulnerability {unknown}
 g - a scroll of torment {unknown}
 i - 2 scrolls of amnesia
 j - a scroll of immolation {!r}
 k - 2 scrolls of brand weapon {unknown}
 m - a scroll of fear
 r - 4 scrolls of blinking
 s - 2 scrolls of magic mapping
 t - a scroll of fog {unknown}
 u - a scroll of summoning
 w - a scroll of enchant weapon {unknown}
 C - 2 scrolls of teleportation {@r4}
 D - a scroll of enchant armour {unknown}
Potions
 d - a potion of degeneration {!q}
 f - 6 potions of brilliance
 h - 4 potions of flight
 v - a potion of invisibility {unknown}
 x - a potion of heal wounds {unknown}
 E - a potion of curing {unknown}
 G - a potion of lignification {unknown}

Dungeon Overview and Level Annotations

Branches:
Dungeon (7/15)              Sewer (visited)         Ossuary (visited)
 Temple: D:4-7

Altars:
Hepliaklqana
Sif Muna

Shops:
D:4 (

Annotations:
D:6 exclusion: oklob plant

▒▒...▒ ▒........(▒▒..▒....
▒..▒▒▒▒..................
▒▒..▒▒▒...................
▒▒...▒▒...........▒▒▒▒o....
▒....▒▒..............Z....o
▒....▒..▒▒...[▒.......o..o...
▒....▒▒...o..▒▒▒▒▒▒▒▒.▒▒▒y...
▒........▒▒.▒▒▒▒▒▒▒oo.▒ ▒▒...
▒....▒▒.▒.[.Hyycy...▒▒▒ ...
▒▒▒▒▒......▒▒▒▒▒▒▒▒▒▒ .▒▒
▒....<▒▒▒ ...............
...▒....▒▒▒▒▒▒▒ ...▒....▒
▒▒▒▒▒▒


You could see a centaur, 3 killer bees and 2 orc wizards.


Message History

The orc wizard flickers and vanishes for a moment.
Unknown command.
Unknown command.
As you read the scroll of fear, it crumbles to dust.
You assume a fearsome visage.
The killer bee looks frightened!
The killer bee looks frightened!
The killer bee looks frightened!
The orc wizard looks frightened!
The orc looks frightened!
The orc looks frightened!
The centaur looks frightened!
The orc wizard looks frightened!
You feel very sick.
The orc wizard gestures wildly while chanting.
The orc wizard flickers and vanishes for a moment.
Cornered, the killer bee turns to fight!
Cornered, the killer bee turns to fight!
Cornered, the killer bee turns to fight!
You feel sick.
Cornered, the centaur turns to fight!
The killer bee stings you.
* * * LOW HITPOINT WARNING * * *
As you read the scroll of teleportation {@r4}, it crumbles to dust.
You feel strangely unstable.
* * * LOW HITPOINT WARNING * * *
You feel sick. The killer bee barely misses you. The killer bee stings you.
You die...

Action                   |  1- 3 |  4- 6 |  7- 9 || total
-------------------------+-------+-------+-------++-------
Melee: Hand axe          |    64 |       |       ||    64
       Tailslap          |    12 |    12 |    57 ||    81
       Long sword        |    40 |    19 |       ||    59
       Dagger            |       |    95 |   357 ||   452
Invok: Banish            |       |     1 |       ||     1
 Abil: Rolling Charge    |     3 |     5 |     7 ||    15
  Use: Scroll            |       |       |     9 ||     9
       Potion            |       |       |     3 ||     3
Armor: Leather armour    |    44 |    42 |       ||    86
       Troll leather arm |       |    10 |   107 ||   117
Dodge: Dodged            |    47 |    49 |   141 ||   237
       Rpst.: Long sword |     7 |     6 |       ||    13

Levels and vault maps discovered:
D:1:      dpeg_arrival_leaves_temple_mockup, layout_loops_corners
D:2:      layout_rooms, shapermc_ecumenical_altar_hornbeckon
D:3:      layout_loops_corners, gup_sewer_entry_bowl
D:4:      layout_basic, nzn_hepliaklqana_mist_gate, serial_shops, shop,
          serial_co_window_serial, co_window_corner_a, co_window_corner_a,
          co_window_of_opportunity_a, co_window_of_opportunity_a,
          co_window_of_opportunity_a, co_window_paths_b, co_window_paths_b,
          co_window_of_opportunity_c, co_window_corner_b, co_window_corner_b,
          co_window_paths_c, co_window_2corner, co_window_corner_ca,
          glass_columns_c, glass_columns_b, minmay_misc_feat_pillars,
          minmay_surrounded, uniq_menkaure
D:5:      layout_loops_ring, nicolae_ossuary_entry_monument
D:6:      lemuel_slime, layout_basic, kennysheep_generic_room_3
D:7:      minmay_flawed_box, layout_rooms, tgw_sif, minmay_temple_entry_glass,
          uniq_crazy_yiuf_cottage

Notes
Turn   | Place    | Note
-------+----------+-------------------------------------------
     0 | Abyss:1  | sanka the Palentonga Abyssal Knight began the quest for the
                  | Orb.
     0 | Abyss:1  | Reached XP level 1. HP: 19/19 MP: 2/2
    51 | D:1      | Escaped the Abyss
   205 | D:1      | Reached XP level 2. HP: 21/25 MP: 4/4
   206 | D:1      | Reached skill level 3 in Invocations
   298 | D:1      | Reached ** piety under Lugonu
  1188 | D:2      | Reached XP level 3. HP: 31/31 MP: 5/5
  1205 | D:2      | Reached skill level 4 in Invocations
  1772 | D:2      | Reached XP level 4. HP: 37/37 MP: 7/7
  1849 | D:2      | Found a faded altar of an unknown god.
  2315 | D:3      | Reached skill level 5 in Invocations
  2359 | D:3      | Found a glowing drain.
  2363 | Sewer    | Entered a sewer
  2409 | Sewer    | Noticed Purgy
  2877 | Sewer    | Killed Purgy
  2878 | Sewer    | Reached skill level 6 in Invocations
  2878 | Sewer    | Reached XP level 5. HP: 30/43 MP: 7/9
  3110 | D:3      | Identified a scarf of resistance
  3152 | D:3      | Reached *** piety under Lugonu
  3262 | D:3      | Reached skill level 7 in Invocations
  3262 | D:3      | Reached XP level 6. HP: 22/50 MP: 9/11
  3675 | D:4      | Found a hazy altar of Hepliaklqana.
  3881 | D:4      | Found Forghaf's Weapon Shoppe.
  4098 | D:4      | Noticed Menkaure
  4104 | D:4      | Killed Menkaure
  4105 | D:4      | Reached skill level 8 in Invocations
  4188 | D:4      | Reached skill level 3 in Axes
  4188 | D:4      | Gained mutation: You curl defensively after being hit.
                  | [Palentonga growth]
  4188 | D:4      | Reached XP level 7. HP: 23/55 MP: 8/13
  4656 | D:5      | Entered Level 5 of the Dungeon
  4735 | D:5      | Reached skill level 4 in Axes
  4893 | D:5      | Found a sand-covered staircase.
  4899 | Ossuary  | Entered an ossuary
  5169 | Ossuary  | Reached skill level 5 in Axes
  5196 | Ossuary  | Reached **** piety under Lugonu
  5308 | D:5      | You are sucked into a shaft and drop 1 floor!
  5314 | D:6      | Reached skill level 6 in Axes
  5377 | D:6      | Reached XP level 8. HP: 30/62 MP: 14/14
  5683 | D:5      | Identified the +12 dagger "Qaptilun" {vorpal, Str+4}
  5897 | D:6      | Reached skill level 1 in Dodging
  6020 | D:6      | Reached skill level 2 in Armour
  6083 | D:6      | Reached skill level 7 in Axes
  6083 | D:6      | Reached skill level 2 in Dodging
  6336 | D:6      | Noticed an oklob plant
  6339 | D:6      | Reached skill level 4 in Fighting
  6349 | D:6      | Reached skill level 3 in Armour
  6807 | D:7      | Reached XP level 9. HP: 62/63 MP: 15/15
  6884 | D:7      | Reached skill level 3 in Dodging
  6960 | D:7      | Found a shimmering blue altar of Sif Muna.
  7087 | D:7      | Reached skill level 5 in Fighting
  7267 | D:7      | Reached ***** piety under Lugonu
  7271 | D:7      | Reached skill level 8 in Axes
  7323 | D:7      | HP: 7/72 [poisoned by a killer bee]
  7324 | D:7      | HP: 3/72 [killer bee[a centaur] (4)]
  7325 | D:7      | Slain by a killer bee

Vanquished Creatures
  Menkaure (D:4)
  3 water moccasins
  Purgy (Sewer)
  2 black bears (D:6)
  A sky beast (D:6)
  A centaur (D:6)
  An ogre (D:7)
  A kobold brigand (D:7)
  A gnoll sergeant (D:6)
  2 elf zombies (Ossuary)
  2 scorpions
  A wyvern zombie (D:6)
  A wyvern skeleton (D:7)
  5 wights
  2 howler monkeys (D:6)
  A centaur zombie (Ossuary)
  7 jellies (D:6)
  A hound (D:5)
  3 orc priests
  3 iguanas
  3 centaur skeletons (D:7)
  6 orc wizards (D:7)
  2 mummies (Ossuary)
  A howler monkey zombie (D:6)
  7 gnolls
  5 adders
  A white imp (D:6)
  3 adder zombies (Ossuary)
  2 adder skeletons (D:4)
  A worm (D:2)
  3 dart slugs
  2 orcs (D:3)
  14 endoplasms
  5 giant cockroaches
  13 goblins
  6 hobgoblins
  A quokka (D:3)
  6 ball pythons
  6 bats
  9 frilled lizards
  A goblin zombie (Ossuary)
  12 hobgoblin zombies (Ossuary)
  2 jackal zombies (Ossuary)
  7 kobolds
  9 kobold zombies (Ossuary)
  6 orc zombies (Ossuary)
  11 rats
  A rat zombie (Ossuary)
185 creatures vanquished.

Vanquished Creatures (others)
  4 fungi (D:6)
  2 plants (D:2)
6 creatures vanquished.

Grand Total: 191 creatures vanquished
